 Dungeon Crawl Stone Soup version 0.10.2-40-g36e0077 character file.

218 puddinhead the Shooter (level 4, 0/36 HPs)
             Began as a Centaur Hunter on July 28, 2012.
             Was an Initiate of Vehumet.
             Succumbed to a worker ant's poison
             ... on Level 4 of the Dungeon.
             The game lasted 00:38:43 (3821 turns).

puddinhead the Shooter (Centaur Hunter)             Turns: 3821, Time: 00:38:43

HP   0/36        AC  4     Str 14      XL: 4   Next: 20%
MP   2/2         EV  9     Int 10      God: Vehumet [......]
Gold 137         SH  0     Dex 11      Spells:  0 memorised,  3 levels left

Res.Fire  : . . .   See Invis. : .   b - +0,+1 bow
Res.Cold  : . . .   Warding    : + . d - +0 leather armour
Life Prot.: + . .   Conserve   : .   (no shield)
Res.Acid. : . . .   Res.Corr.  : .   (no helmet)
Res.Poison: .       Clarity    : .   (no cloak)
Res.Elec. : .       Spirit.Shd : .   (no gloves)
Sust.Abil.: . .     Stasis     : .   (no barding)
Res.Mut.  : .       Ctrl.Telep.: .   o - amulet of warding
Res.Rott. : .       Levitation : .   t - ring of ice
Saprovore : . . .   Ctrl.Flight: .   r - ring of fire

@: mildly poisoned, very quick, slightly resistant to hostile enchantments, very
unstealthy
A: hooves 3, deformed body, herbivore 1, speed 2, fast metabolism 1, tough skin
3
a: Renounce Religion


You were on level 4 of the Dungeon.
You worshipped Vehumet.
Vehumet was pleased with you.
You were not hungry.

You visited 1 branch of the dungeon, and saw 4 of its levels.

You collected 117 gold pieces.

Inventory:

Hand weapons
 a - a +0,+0 short sword
 b - a +0,+1 bow (weapon)
 c - a +0,+0 dagger
 g - a +0,+0 dagger
 i - a +2,+1 dagger of protection
 l - a +0,+0 dagger
 u - a +0,+0 hand axe
Missiles
 h - a +0 dart
 v - 4 +0 darts of flame
 w - 5 +0 arrows (quivered)
 y - a +0 throwing net
Armour
 d - a +0 leather armour (worn)
Comestibles
 f - 2 bread rations
 j - a pear
 k - 2 meat rations
Scrolls
 m - a scroll of magic mapping
 n - a scroll of detect curse
 p - a scroll of remove curse
Jewellery
 o - an amulet of warding (around neck)
 q - an uncursed ring of poison resistance {unknown}
 r - a ring of fire (left hand)
 t - a ring of ice (right hand)
Potions
 s - a potion of resistance
 x - a potion of degeneration {unknown}


   Skills:
 + Level 1,3 Fighting
 + Level 7,7 Bows
 + Level 0,3 Throwing
 + Level 1,1 Armour
 + Level 2,1 Dodging
 + Level 0,5 Stealth
 + Level 0,2 Traps & Doors


You had 3 spell levels left.
You didn't know any spells.

Dungeon Overview and Level Annotations

Branches:
Dungeon (4/27)
 Temple: D:4-7

Altars:
Makhleb
Vehumet

Annotations
D:3 loop's ghost, weakling MiFi


Innate Abilities, Weirdness & Mutations

You have hooves in place of feet.
Armour fits poorly on your strangely shaped body.
You digest meat inefficiently.
You cover ground very quickly.
You have a fast metabolism.
You have extremely tough skin (AC +3).


Message History

Press: ? - help, Shift-Dir - straight line, f/p - worker ant
Aim: a worker ant You shoot a +0 arrow.
The +0 arrow misses the worker ant.
The +0 arrow misses the rat.
The worker ant bites you but does no damage.
The rat bites you.
* * * LOW HITPOINT WARNING * * *
Firing (i - inventory. (,) - cycle):
w - 6 +0 arrows (quivered)
Press: ? - help, Shift-Dir - straight line, f/p - worker ant
Aim: a worker ant You shoot a +0 arrow.
The +0 arrow hits the worker ant.
The worker ant is lightly wounded.
The worker ant bites you.
* * * LOW HITPOINT WARNING * * *
The rat bites you but does no damage.
A rat comes into view.
* * * LOW HITPOINT WARNING * * *
You feel sick.
The rat twitches its whiskers.
You die...

#.....
#...(.##########....
#....(.(((.<...(....
#......(..(....(....
#..####r####.......
. #...r...#.......
#..ar...#.......
#.......#.>≈≈≈≈
#.@.....#.≈≈..
#.......#.≈o.
#...$...#. #+#######


You could see a worker ant and 3 rats.

Vanquished Creatures
  2 adders
  A giant gecko (D:3)
  An ooze (D:2)
  2 ball pythons (D:2)
  5 giant cockroaches
  9 goblins
  5 hobgoblins
  10 kobolds
  9 bats
  4 giant newts
  4 jackals (D:2)
  7 rats
59 creatures vanquished.

Vanquished Creatures (others)
  3 orcs (D:4)
  A quokka (D:4)
  A giant newt (D:4)
  4 toadstools
9 creatures vanquished.

Grand Total: 68 creatures vanquished

Notes
Turn   | Place    | Note
--------------------------------------------------------------
     0 | D:1      | puddinhead, the Centaur Hunter, began the quest for the Orb.
     0 | D:1      | Reached XP level 1. HP: 17/17 MP: 0/0
   363 | D:1      | Reached XP level 2. HP: 24/24 MP: 1/1
   549 | D:1      | Reached skill level 6 in Bows
  1029 | D:2      | Reached XP level 3. HP: 14/29 MP: 2/2
  1076 | D:2      | Reached skill level 7 in Bows
  1142 | D:2      | HP: 1/29 [poisoned by an adder]
  2159 | D:3      | Reached skill level 1 in Armour
  2287 | D:3      | Found a radiant altar of Vehumet.
  2297 | D:3      | Became a worshipper of Vehumet
  2555 | D:3      | Noticed loop's ghost (weakling MiFi)
  2558 | D:3      | Found a burning altar of Makhleb.
  2659 | D:3      | HP: 1/29 [loop's ghost (10)]
  3607 | D:3      | Reached XP level 4. HP: 36/36 MP: 2/2
  3819 | D:4      | HP: 1/36 [poisoned by a worker ant]
  3821 | D:4      | Succumbed to a worker ant's poison
